 Dungeon Crawl Stone Soup version 0.20.1-1-g8b1a95d (webtiles) character file.

63 saradell the Slasher (level 3, 0/36 HPs)
             Began as a Troll Berserker on June 3, 2018.
             Was a Believer of Trog.
             Slain by Sigmund
             ... wielding a +2 vampiric scythe
              (11 damage)
             ... on level 2 of the Dungeon.
             The game lasted 00:19:12 (1313 turns).

saradell the Slasher (Troll Berserker)              Turns: 1313, Time: 00:19:13

Health: 0/36       AC:  6    Str: 27    XL:     3   Next: 87%
Magic:  2/2        EV: 10    Int:  3    God:    Trog [**....]
Gold:   38         SH:  0    Dex: 10    Spells: 2/2 levels left

rFire    . . .     SeeInvis .   a - +0 falchion
rCold    . . .     Gourm    +   (no shield)
rNeg     . . .     Faith    .   b - +1 animal skin
rPois    .         Spirit   .   (helmet restricted)
rElec    .         Reflect  .   (no cloak)
rCorr    .         Harm     .   (gloves unavailable)
MR       .....                  (boots unavailable)
Stlth    +.........             (no amulet)
Regen    0.6/turn               p - +2 ring of strength
MPRegen  0.1/turn               (no ring)

@: lethally poisoned (0 -> 0)
A: unfitting armour, claws 3, fast metabolism 3, gourmand, regeneration 1,
shaggy fur 1, tough skin 2
a: Berserk, Trog's Hand, Burn Spellbooks, Renounce Religion


You were on level 2 of the Dungeon.
You worshipped Trog.
Trog was pleased with you.
You were not hungry.

You visited 1 branch of the dungeon, and saw 2 of its levels.

You collected 38 gold pieces.

Inventory:

Hand Weapons
 a - a +0 falchion (weapon)
 m - a +0 whip
Missiles
 d - 25 stones (quivered)
 g - 25 sling bullets
 l - 4 silver javelins
Armour
 b - a +1 animal skin (worn)
Jewellery
 o - an uncursed ring of poison resistance {unknown}
 p - a +2 ring of strength (left claw)
Scrolls
 f - a scroll of identify
 j - a scroll of enchant armour
 k - a scroll of remove curse {unknown}
 q - a scroll of recharging {unknown}
Potions
 e - a potion of curing {unknown}
 h - a potion of haste {unknown}
 n - a potion of cancellation {unknown}
Comestibles
 c - 3 bread rations


   Skills:
 + Level 2.9 Fighting
 + Level 3.0 Long Blades
 + Level 3.0 Dodging
 + Level 0.1 Stealth


You had 2 spell levels left.
You didn't know any spells.

Dungeon Overview and Level Annotations

Branches:
Dungeon (2/15)

Altars:
Uskayaw

Annotations:
D:2 Sigmund


Innate Abilities, Weirdness & Mutations

You are too large for most types of armour.
You have claws for hands.
Your metabolism is lightning-fast.
You like to eat raw meat.
Your natural rate of healing is unusually fast.
You are covered in fur. (AC +1)
You have very tough skin. (AC +2)


Message History

You closely miss something. You miss something.
Something hits you but does no damage.
You closely miss something.
You hear some strange, mumbled words.
A puff of flame appears from out of thin air!
The puff of flame hits you!
You miss something. Something hits you!
You miss something. Something hits you!
* * * LOW HITPOINT WARNING * * *
An adder comes into view.
The adder hisses angrily.
The adder misses you. The adder bites you but does no damage.
Found 13 stones.
You barely miss the adder. The adder bites you.
You are poisoned.
The adder poisons you!
You barely miss the adder.
You feel sick. The adder closely misses you.
You riposte.
You completely miss the adder. Something hits you!
You die...

.....#
#.....#...##.#
#+## #.####
####..###....#
#.#
#....{.##.# #.
###..######.#
#...........#
#.#..#.......
#.#..#..###.#
# #..#(.###.#
#..S@.....#
####.######
#.# #.# ..#
### #.# #..
.##.. #.#
#####.#.. #.#
#.......#


You could see an adder.

Vanquished Creatures
  2 adders
  3 dart slugs (D:1)
  A leopard gecko (D:2)
  A ball python (D:1)
  3 goblins (D:1)
  4 hobgoblins
  9 jackals
  6 kobolds
  2 bats (D:1)
  A frilled lizard (D:2)
  3 rats (D:1)
35 creatures vanquished.

Notes
Turn   | Place    | Note
-------+----------+-------------------------------------------
     0 | D:1      | saradell the Troll Berserker began the quest for the Orb.
     0 | D:1      | Reached XP level 1. HP: 22/22 MP: 0/0
    98 | D:1      | Reached XP level 2. HP: 28/29 MP: 1/1
   681 | D:1      | Reached XP level 3. HP: 36/36 MP: 2/2
   852 | D:1      | Reached ** piety under Trog
  1121 | D:2      | Found a hide-covered altar of Uskayaw.
  1283 | D:2      | Noticed Sigmund
  1313 | D:2      | Slain by Sigmund

Skill      XL: |  1  2  3 |
---------------+----------+-----
Long Blades    | 3 |  3.0
Dodging        | 3 |  3.0
Fighting       | |  2.9
Stealth        | |  0.1

Action                   || total
-------------------------++-------
Melee: Falchion          ||   110
  Use: Scroll            ||     2
 Stab: Sleeping          ||     1
  Eat: Chunk             ||     4
       Bread ration      ||     2
Armor: Animal skin       ||    51
Dodge: Dodged            ||    65
       Rpst.: Falchion   ||    18
